 Dungeon Crawl Stone Soup version 0.19-a0-459-gb8ed64d (webtiles) character file.

194 mistymad the Sneak (level 5, 0/38 HPs)
             Began as a Vampire Enchanter on June 2, 2016.
             Succumbed to a killer bee's poison
             ... on level 2 of the Dungeon.
             The game lasted 00:06:59 (2650 turns).

mistymad the Sneak (Vampire Enchanter)              Turns: 2650, Time: 00:07:00

Health: 0/38       AC:  3    Str:  7    XL:     5   Next: 44%
Magic:  0/9        EV: 13    Int: 18    God:
Gold:   137        SH:  0    Dex: 15    Spells: 3 memorised, 3 levels left

rFire  . . .     SeeInvis +     a - +1 dagger
rCold  + . .     Gourm    .     b - +1 robe
rNeg   + + .     Faith    .     (no shield)
rPois  +         Spirit   .     (no helmet)
rElec  .         Dismiss  .     (no cloak)
rCorr  .         Reflect  .     (no gloves)
SustAt .         Harm     .     (no boots)
MR     .....                    (no amulet)
Stlth  ++++......               (no ring)
                                (no ring)

@: lethally poisoned (0 -> -11), very slightly contaminated, regenerating
slowly, not resistant to hostile enchantments, stealthy
A: fangs 3, see invisible, unbreathing
a: Bat Form


You were on level 2 of the Dungeon.
You were thirsty.

You visited 1 branch of the dungeon, and saw 3 of its levels.

You collected 137 gold pieces.

Inventory:

Hand Weapons
 a - a +1 dagger (weapon)
Armour
 b - a +1 robe (worn)
Jewellery
 m - an uncursed ring of wizardry {unknown}
Scrolls
 f - a scroll of enchant armour {unknown}
 g - a scroll of fear {unknown}
 i - 2 scrolls of teleportation {unknown}
 j - a scroll of identify {unknown}
 k - a scroll of amnesia {unknown}
Potions
 d - 10 potions of blood
 e - 2 potions of curing
 h - a potion of magic {unknown}
 l - a potion of heal wounds {unknown}
Books
 c - a book of Maledictions

   Spells                             Type                      Level
   a - Corona                         Hexes                        1
   b - Ensorcelled Hibernation        Hexes/Ice                    2
   c - Confuse                        Hexes                        3
   d - Tukima's Dance                 Hexes                        3
   e - Dazzling Spray                 Conjuration/Hexes            3


   Skills:
 + Level 1.8 Fighting
 + Level 2.5 Short Blades
 + Level 3.3 Dodging
 + Level 5.5 Stealth
 + Level 2.6 Spellcasting
 + Level 5.3 Hexes


You had 3 spell levels left.
You knew the following spells:

 Your Spells              Type           Power        Failure   Level  Hunger
a - Corona                Hex            ###....      1%          1    #......
b - Ensorcelled Hibernat  Hex/Ice        ##....       12%         2    ##.....
c - Confuse               Hex            ###.....     10%         3    ###....


Dungeon Overview and Level Annotations

Branches:
Dungeon (3/15)

Altars:


Innate Abilities, Weirdness & Mutations

You heal slowly.
You have razor-sharp teeth.
You have supernaturally acute eyesight. (SInv)
You can survive without breathing.


Message History

You don't have enough magic to cast that spell.
Casting: Confuse
Confirm with . or Enter, or press ? or * to list all spells.
Aiming: Ensorcelled Hibernation
Press: ? - help, Shift-Dir - straight line, f - killer bee
Aim: a killer bee (moderately wounded, chance to defeat MR: 50%)
The killer bee resists with some effort.
The killer bee stings you.
* * * LOW HITPOINT WARNING * * *
The killer bee stings you.
* * * LOW HITPOINT WARNING * * *
You take 7 damage, and have 6/38 hp.
You now have 0/9 mp.
The killer bee barely misses you.
There is a stone staircase leading up here.
The killer bee stings you.
* * * LOW HITPOINT WARNING * * *
You are lethally poisoned!
The killer bee poisons you!
You take 5 damage, and have 1/38 hp.
You die...

#..%.......'.)..#.##.†..#.#
#.##########...)#.##....#.#
##.###########+#.#†##....#.# ###
#........................'.# #..
##############.######....######..
#..........[..................+..
###.##########.################..
#.# #####.################## #.#
#>...y.@................ #.#
#.#.#################### #.#
#.#...##################
#.######.......................
#........#...............######
########.#+#.###########.#
#.....# #.# #.....# #.# ##
#.....# #.# #.


You could see a killer bee.

Vanquished Creatures
  2 killer bees (D:2)
  A worker ant (D:3)
  2 adders
  An orc (D:3)
  10 bats
  7 giant cockroaches
  7 hobgoblins
  5 jackals (D:2)
  7 kobolds
  2 quokkas (D:2)
  2 giant newts (D:2)
  6 goblins
  11 rats
63 creatures vanquished.

Notes
Turn   | Place    | Note
--------------------------------------------------------------
     0 | D:1      | mistymad the Vampire Enchanter began the quest for the Orb.
     0 | D:1      | Reached XP level 1. HP: 13/13 MP: 3/3
   308 | D:1      | Reached XP level 2. HP: 20/20 MP: 5/5
   415 | D:1      | Reached skill level 1 in Fighting
   758 | D:2      | Reached XP level 3. HP: 21/26 MP: 6/6
  1811 | D:3      | Reached XP level 4. HP: 27/32 MP: 4/7
  1914 | D:3      | Learned a level 2 spell: Ensorcelled Hibernation
  1918 | D:3      | Learned a level 3 spell: Confuse
  1955 | D:3      | Reached skill level 5 in Stealth
  1955 | D:3      | Reached skill level 5 in Hexes
  2123 | D:2      | Reached XP level 5. HP: 9/38 MP: 3/8
  2649 | D:2      | HP: 1/38 [killer bee (5)]
  2650 | D:2      | Succumbed to a killer bee's poison

Vault maps used:
D:1:      dpeg_arrival_leaves_temple_mockup
D:3:      tso_metal_star, uniq_iyjb

Skill      XL: |  1  2  3  4 |
---------------+-------------+-----
Fighting       | 1 |  1.8
Short Blades   | 2 |  2.5
Stealth        | 5 |  5.5
Hexes          | 5 |  5.3
Dodging        | 3 |  3.3
Spellcasting   | |  2.6

Action                   |  1- 3 |  4- 6 || total
-------------------------+-------+-------++-------
Melee: Dagger            |   149 |    72 ||   221
       Bite              |    11 |     9 ||    20
 Cast: Corona            |     2 |       ||     2
       Ensorcelled Hiber |       |     4 ||     4
       Confuse           |       |     5 ||     5
  Use: Potion            |       |     5 ||     5
 Stab: Sleeping          |    18 |     4 ||    22
       Distracted        |     1 |     1 ||     2
       Confused          |       |     1 ||     1
Armor: Robe              |    58 |    24 ||    82
Dodge: Dodged            |   130 |    70 ||   200
